 Dungeon Crawl Stone Soup version 0.29-a0-816-g82769f0e0c (webtiles) character file.

Game seed: 3666494961203197377

1733730 thirstyecho the Slayer (level 26, 189/189 HPs)
             Began as an Octopode Wanderer on July 5, 2022.
             Was a High Priest of Hepliaklqana.
             Escaped with the Orb
             ... and 3 runes!
             The game lasted 02:19:31 (61261 turns).

thirstyecho the Slayer (Octopode Wanderer)         Turns: 61261, Time: 02:19:32

Health: 189/189    AC:  2    Str: 23    XL:     26   Next: 46%
Magic:  36/36      EV: 38    Int: 22    God:    Hepliaklqana [*****.]
Gold:   418        SH: 15    Dex: 25    Spells: 6/51 levels left

rFire   + + .      SeeInvis +   s - +9 double sword (freeze)
rCold   + . .      Faith    .   m - +7 buckler "Zobrio Ufyo" {Int+7}
rNeg    . . .      Spirit   .   b - +1 hat "Aclyck" {+Blink rC+ Regen+ Str+3}
rPois   +          Reflect  .   S - amulet of regeneration
rElec   .          Harm     .   J - +4 ring of evasion
rCorr   +          Rampage  .   c - ring of willpower
Will    +++..                   f - +6 ring of dexterity
Stlth   +++.......              L - ring "Xiysyss" {rCorr EV+4}
HPRegen 2.01/turn               D - ring "Zeohuyrr" {Wiz rPois rF+ Int+2}
MPRegen 0.25/turn               Q - ring of Xom's Bemusement {Will+ Str+5}
                                v - ring "Zaxkelip" {Fly rF+ Str+5 Dex-3 Slay+4}
                                N - ring of Shadows {Umbra +Inv Stlth+}

@: flying, wreathed by umbra, studying Short Blades
A: reduced essence, almost no armour, amphibious, 8 rings, camouflage 1,
gelatinous body 1, (nimble swimmer 1), tentacles, see invisible, dopey 1, low MP
1, passive freeze, weak 1
0: Orb of Zot
}: 3/15 runes: serpentine, barnacled, silver
a: Renounce Religion, Evoke Blink, Evoke Invisibility, Recall Ancestor, Ancestor
Identity, Transference, Idealise


You escaped.
You worshipped Hepliaklqana.
Hepliaklqana was extremely pleased with you.
You visited 10 branches of the dungeon, and saw 49 of its levels.
You visited 1 bazaar.
You also visited: Gauntlet.

You collected 7067 gold pieces.
You spent 6649 gold pieces at shops.

Inventory:

Hand Weapons
 s - a +9 double sword of freezing (weapon)
 C - the +10 zealot's sword {holy, *Rage rN+ EV+3}
   (You found it on level 6 of the Lair of Beasts)

   It has been blessed by the Shining One to cause great damage to the undead
   and demons.
   Whenever the wielder enters a berserk rage, their allies are berserked
   alongside them.
   EV:        It affects your evasion (+3).
   rN:        It protects you from negative energy.
   *Rage:     It berserks you when you make melee attacks (+20% chance).
 O - a +5 antimagic demon blade
 X - the +2 rapier of the Shore {pain, +Blink rF- Int-4 Stlth+}
   (You took it off a deep elf high priest on level 3 of the Elven Halls)

   In the hands of one skilled in necromantic magic, it inflicts extra damage on
   living creatures.
   Int:       It affects your intelligence (-4).
   rF:        It makes you vulnerable to fire.
   +Blink:    It lets you blink.
   Stlth:     It makes you more stealthy.
Missiles
 l - 7 curare-tipped darts (quivered)
 H - 16 throwing nets {!f}
Armour
 b - the +1 hat "Aclyck" (worn) {+Blink rC+ Regen+ Str+3}
   (You acquired it on level 1 of the Elven Halls)

   Str:       It affects your strength (+3).
   rC:        It protects you from cold.
   +Blink:    It lets you blink.
   Regen:     It increases your rate of health regeneration.
 m - the +7 buckler "Zobrio Ufyo" (worn) {Int+7}
   (You bought it in a shop on level 1 of the Snake Pit)

   Int:       It affects your intelligence (+7).
Jewellery
 c - a ring of willpower (right tentacle)
 f - a +6 ring of dexterity (on tentacle)
 p - a ring of protection from fire
 t - the ring "Lext" {rPois rC+ rN+ rCorr}
   (You found it on level 2 of the Depths)

   [ring of protection from cold]

   rC:        It protects you from cold.
   rPois:     It protects you from poison.
   rN:        It protects you from negative energy.
   rCorr:     It protects you from acid and corrosion.
 v - the ring "Zaxkelip" (on tentacle) {Fly rF+ Str+5 Dex-3 Slay+4}
   (You found it on level 2 of the Depths)

   [ring of slaying]

   Str:       It affects your strength (+5).
   Dex:       It affects your dexterity (-3).
   Slay:      It affects your accuracy & damage with ranged weapons and melee
   (+4).
   rF:        It protects you from fire.
   Fly:       It grants you flight.
 y - the ring "Yzeunkuu" {Ice Drain Int+9 Dex+7 Slay+3}
   (You took it off Josephina on level 2 of the Depths)

   [ring of ice]

   It enhances your ice magic.
   Int:       It affects your intelligence (+9).
   Dex:       It affects your dexterity (+7).
   Slay:      It affects your accuracy & damage with ranged weapons and melee
   (+3).
   rF:        It makes you vulnerable to fire.
   rC:        It protects you from cold.
   Drain:     It drains your maximum health when unequipped.
 D - the ring "Zeohuyrr" (on tentacle) {Wiz rPois rF+ Int+2}
   (You bought it in a shop on level 4 of the Depths)

   [ring of wizardry]

   It improves your spell success rate.
   Int:       It affects your intelligence (+2).
   rF:        It protects you from fire.
   rPois:     It protects you from poison.
 J - a +4 ring of evasion (left tentacle)
 L - the ring "Xiysyss" (on tentacle) {rCorr EV+4}
   (You took it off a deep elf demonologist on level 3 of the Elven Halls)

   [ring of evasion]

   EV:        It affects your evasion (+4).
   rCorr:     It protects you from acid and corrosion.
 N - the ring of Shadows (on tentacle) {Umbra +Inv Stlth+}
   (You took it off a deep elf sorcerer on level 3 of the Elven Halls)

   [ring of stealth]

   It surrounds you with an aura of shadow, increasing your stealth and reducing
   the accuracy of all others within it.
   +Inv:      It lets you turn invisible.
   Stlth:     It makes you more stealthy.
 P - a ring of see invisible
 Q - the ring of Xom's Bemusement (on tentacle) {Will+ Str+5}
   (You took it off a deep elf master archer on level 3 of the Elven Halls)

   [ring of willpower]

   Str:       It affects your strength (+5).
   Will:      It increases your willpower.
 S - an amulet of regeneration (around mantle)
 V - the ring "Lahizeny" {*Corrode rElec rPois rN+++ Str+5}
   (You found it in a Gauntlet)

   [ring of poison resistance]

   Str:       It affects your strength (+5).
   rElec:     It insulates you from electricity.
   rPois:     It protects you from poison.
   rN:        It renders you almost immune to negative energy.
   *Corrode:  It may corrode you when you take damage.
 W - a ring of protection from cold
Wands
 a - a wand of paralysis (42)
 x - a wand of mindburst (11)
 I - a wand of iceblast (19) {@v2}
 K - a wand of digging (5) {@v3}
 M - a wand of acid (48) {@v1}
Scrolls
 d - 4 scrolls of silence
 e - 21 scrolls of teleportation {@r3}
 g - 5 scrolls of blinking {@r4}
 j - a scroll of summoning
 k - 5 scrolls of immolation
 B - 6 scrolls of magic mapping {@r5}
 E - 7 scrolls of fear
 F - 5 scrolls of fog
Potions
 h - 6 potions of ambrosia
 n - 9 potions of heal wounds {@q2}
 o - 5 potions of mutation
 q - 7 potions of lignification
 u - 7 potions of haste {@q4}
 w - 5 potions of magic
 z - 5 potions of cancellation
 R - 23 potions of curing {@q1}
Miscellaneous
 A - a phantom mirror
 G - a condenser vane
 T - a box of beasts
 Y - a phial of floods


   Skills:
 + Level 25.3 Fighting
 - Level 5.0(11.3) Short Blades
 - Level 15.6(16.0) Long Blades
 - Level 1.0 Throwing
 - Level 18.0 Dodging
 - Level 2.6 Stealth
 - Level 10.0 Shields
 - Level 13.0 Spellcasting
 - Level 8.0 Conjurations
 - Level 6.0 Necromancy
 - Level 12.0 Translocations
 - Level 15.6 Transmutations
 - Level 10.0 Earth Magic
 - Level 9.0 Invocations
 - Level 19.8 Evocations


You had 6 spell levels left.
You knew the following spells:

 Your Spells              Type           Power      Damage    Failure   Level
a - Borgnjor's Vile Clut  Necr/Erth      24%        N/A       2%          5
b - Wereblood             Tmut           70%        N/A       0%          2
c - Statue Form           Tmut/Erth      42%        N/A       1%          6
d - Blink                 Tloc           100%       N/A       1%          2
e - Manifold Assault      Tloc           61%        N/A       1%          5
f - Lee's Rapid Deconstr  Erth           27%        3d16*     1%          5
g - Irradiate             Conj/Tmut      30%        3d23      1%          5
h - Passage of Golubria   Tloc           61%        N/A       1%          4
i - Dispersal             Tloc           30%        N/A       2%          6
j - Yara's Violent Unrav  Hex/Tmut       24%        3d11      2%          5

Your spell library contained the following spells:

 Spells                   Type           Power      Damage    Failure   Level
 Beastly Appendage        Tmut           100%       N/A       0%          1
 Foxfire                  Conj/Fire      100%       2x1d9     1%          1
 Magic Dart               Conj           100%       1d8       1%          1
 Necrotise                Necr           100%       1d9       1%          1
 Searing Ray              Conj           98%        2d8       1%          2
 Static Discharge         Conj/Air       31%        3-7/arc   1%          2
 Sublimation of Blood     Necr           40%        N/A       1%          2
 Dazzling Flash           Conj/Hex       62%        N/A       1%          3
 Ignite Poison            Fire/Tmut/Pois 37%        N/A       1%          3
 Spider Form              Tmut/Pois      48%        N/A       1%          3
 Vampiric Draining        Necr           40%        2d8       1%          3
 Animate Dead             Necr           40%        N/A       1%          4
 Iskenderun's Mystic Bla  Conj/Tloc      55%        2d12      1%          4
 Petrify                  Tmut/Erth      63%        N/A       1%          4
 Mephitic Cloud           Conj/Pois/Air  26%        N/A       2%          3
 Leda's Liquefaction      Hex/Erth       18%        N/A       2%          4
 Alistair's Intoxication  Tmut/Pois      32%        N/A       2%          5
 Call Imp                 Summ           14%        N/A       3%          2
 Poisonous Vapours        Pois/Air       28%        N/A       3%          2
 Scorch                   Fire           28%        2d6       3%          2
 Flame Wave               Conj/Fire      31%        2d8       4%          4
 Fulminant Prism          Conj/Hex       15%        3d11      4%          4
 Agony                    Necr           40%        N/A       4%          5
 Tukima's Dance           Hex            14%        N/A       6%          3
 Anguish                  Hex/Necr       13%        N/A       6%          4
 Corpse Rot               Necr/Pois/Air  23%        N/A       9%          4
 Fireball                 Conj/Fire      15%        3d8       12%         5
 Eringya's Noxious Bog    Tmut/Pois      24%        N/A       13%         6
 Airstrike                Air            7%         0-3+      21%         4
 Summon Lightning Spire   Summ/Air       14%        N/A       21%         4
 Freezing Cloud           Conj/Ice/Air   13%        6-21      21%         5
 Death Channel            Necr           20%        N/A       26%         6
 Metabolic Englaciation   Hex/Ice        7%         N/A       47%         5
 Starburst                Conj/Fire      15%        6d6       50%         6
 Simulacrum               Ice/Necr       13%        N/A       65%         6
 Summon Cactus Giant      Summ           7%         N/A       95%         6
 Storm Form               Tmut/Air       24%        N/A       56%         7
 Disjunction              Tloc           30%        N/A       65%         8
 Enfeeble                 Hex            7%         N/A       100%        7
 Summon Hydra             Summ           7%         N/A       100%        7
 Maxwell's Capacitive Co  Air            7%         ∞         100%        8
 Dragon's Call            Summ           7%         N/A       100%        9
 Polar Vortex             Ice            7%         N/A       100%        9


Dungeon Overview and Level Annotations

Branches:
Dungeon (15/15)            Temple (1/1) D:6            Lair (6/6) D:9
 Shoals (4/4) Lair:2        Snake (4/4) Lair:2        Slime (0/5) Lair:6
    Orc (2/2) D:10            Elf (3/3) Orc:2        Vaults (5/5) D:13
  Crypt (0/3) Vaults:2     Depths (4/4) D:15            Zot (5/5) Depths:4
Gauntlet (visited)

Altars:
Ashenzari
Cheibriados
Dithmenos
Elyvilon
Fedhas
Gozag
Hepliaklqana
Kikubaaqudgha
Makhleb
Nemelex Xobeh
Okawaru
Qazlal
Ru
Sif Muna
Trog
Uskayaw
Vehumet
Wu Jian
Xom
Yredelemnul
Zin
The Shining One

Shops:
D:1 (   D:5 *   D:9 ?   D:10 (   Orc:2 =[(*   Elf:2 (:[:   Elf:3 ([
Shoals:2 (   Shoals:3 ?:   Snake:1 [[   Vaults:2 [   Vaults:4 =   Vaults:5 *=[
Depths:3 ?   Depths:4 ==:

Portals:
Hell: Depths:2 Depths:3 Depths:4
Abyss: Depths:3 Depths:4
Pandemonium: Depths:2 Depths:3 Depths:4
Ziggurat: Depths:4
Trove: Depths:1 (give +6 demon trident)

Annotations:
D:12 Rupert
Snake:1 exclusion: oklob plant
Elf:2 3 runed translucent doors
Depths:1 1 exclusion


Innate Abilities, Weirdness & Mutations

Your life essence is reduced to manifest your ancestor. (-10% HP)
You cannot wear most types of armour.
You are amphibious.
You can wear up to eight rings at the same time.
Your skin changes colour to match your surroundings (Stealth+).
Your rubbery body absorbs attacks. (AC +1, EV +1)
((You are camouflaged when in or above water. (Stealth+)))
You have tentacles for arms and can constrict up to eight enemies at once.
You have supernaturally acute eyesight. (SInv)
You are dopey. (Int -2)
Your magical capacity is low. (-10% MP)
A frigid envelope surrounds you and freezes all who hurt you.
You are weak. (Str -2)


Message History

The bolt of negative energy misses you.
You slice the Tzitzimitl!! You freeze the Tzitzimitl.
The Tzitzimitl engulfs you! The Tzitzimitl drains your vigour!
You feel yourself slow down.
The Tzitzimitl resists.
The Tzitzimitl is very cold.
The Tzitzimitl completely misses you.
You barely miss the Tzitzimitl. Your squeeze misses the Tzitzimitl.
The Tzitzimitl completely misses you.
The Tzitzimitl bites you but does no damage.
The Tzitzimitl completely resists.
The Tzitzimitl completely misses you. x2
You miss the Tzitzimitl.
Your squeeze misses the Tzitzimitl. :> barely misses the Tzitzimitl.
The Tzitzimitl engulfs you but does no damage.
The Tzitzimitl completely resists.
The Tzitzimitl misses you. :> hits the Tzitzimitl with a +0 lajatang of freezing!! :> freezes the Tzitzimitl.
You open the Tzitzimitl like a pillowcase!!!
You freeze the Tzitzimitl.
You kill the Tzitzimitl!
(D) Dungeon (T) Temple (L) Lair (A) Shoals (P) Snake Pit (M) Slime Pits (O) Orcish Mines (E) Elven Halls (V) Vaults (C) Crypt (U) Depths (H) Hell (Z) Zot
Where to? (Enter - D:1, ? - help)
You feel yourself speed up.
Your transformation is almost over.
There is a stone staircase leading up here.
You fly upwards.
There is a stone staircase leading down here.
HP restored.
You revert to your normal fleshy form.
Magic restored.
There is a stone staircase leading up here.
You fly upwards.
There is a stone staircase leading down here.
There is a stone staircase leading up here.
You fly upwards.
There is a stone staircase leading down here.
There is an open door here.
There is a staircase leading out of the dungeon here.
You have escaped!

####...# #.....# #.##.†#
###.###.############## #.###.#
######..#...............###.##..#
........................##..##.##
.............♣♣♣♣♣♣♣♣♣..##.###.#
............♣..PP..PP♣..##.# #.#
............♣...P..PP♣..##.# #.#
............♣P.R.PP..♣..##.# #.#
............♣PP.@.P..♣..##.###.##
........)...♣..P...PP♣...........
............♣..PP...P♣.###.###.##
............♣PP..P...♣.# #.......
............♣PP..PP..♣.###.......
............♣♣♣♣♣♣♣♣♣..#...###...
.########..............#...###...
.# #.......########......... .#
#..###### ###.)####..


You could see the friendly :> the battlemage.

Vanquished Creatures
  A pandemonium lord (D:7)
  Mara (Elf:3)
  8 orbs of fire (Zot:5)
  2 juggernauts
  An ancient lich (Zot:5)
  Josephina (Depths:2)
  Margery (Depths:3)
  4 Killer Klowns (Zot:5)
  Bai Suzhen (Elf:3)
  Vashnia (Snake:4)
  2 caustic shrikes
  The ghost of Tadecekk the Tortoise, a veteran GrSu of Ru (Depths:4)
  Nikola (Elf:1)
  A golden dragon (Depths:3)
  the Enchantress (Depths:3)
  An electric golem (Zot:5)
  A Tzitzimitl (D:4)
  2 bone dragons (Depths:4)
  A walking crystal tome (Depths:2)
  2 liches
  2 walking earthen tomes (Depths:2)
  A deep elf blademaster (Elf:3)
  4 tentacled monstrosities
  16 Orb Guardians
  An Ice Fiend (D:11)
  5 quicksilver dragons
  A walking divine tome (Depths:4)
  5 sphinxes
  2 deep elf master archers (Elf:3)
  Polyphemus (Shoals:4)
  5 titans (Vaults:5)
  2 storm dragons
  A tengu reaver (Depths:4)
  2 death cobs
  Kirke (Snake:4)
  3 shadow dragons
  Ilsuiw (Shoals:2)
  2 nagarajas (Snake:4)
  A draconian knight (Zot:5)
  4 frost giants
  3 fire giants
  An orc warlord (Vaults:2)
  9 vault wardens
  4 draconian scorchers (Zot:5)
  9 deep elf sorcerers
  2 iron dragons (Vaults:5)
  A cacodemon (D:6)
  A balrug (Zot:4)
  A draconian shifter (Zot:4)
  Aizul (Snake:4)
  17 ironbound preservers
  A draconian stormcaller (Depths:4)
  7 stone giants
  A deep elf elementalist (Elf:3)
  4 war gargoyles
  4 spriggan defenders
  6 ironbound thunderhulks
  9 very ugly things
  A vampire knight (Depths:4)
  5 deep elf demonologists
  2 green draconians
  13 dire elephants
  A black draconian (Depths:4)
  A dire elephant (shapeshifter) (Depths:3)
  3 entropy weavers
  A yellow draconian (Zot:5)
  12 deep elf annihilators
  A white draconian (Zot:1)
  4 spark wasps (Depths:3)
  2 red draconians
  4 merfolk javelineers
  9 ettins
  10 merfolk impalers
  5 deep elf death magi
  11 yaktaur captains
  A quicksilver dragon zombie (Depths:3)
  5 fire dragons
  3 deep elf high priests (Elf:3)
  Fannar (D:11)
  3 salamander tyrants
  27 vault guards
  A caustic shrike simulacrum (Depths:3)
  4 great orbs of eyes
  A peacekeeper (Vaults:1)
  3 catoblepae
  An alligator snapping turtle (Shoals:4)
  13 anacondas
  5 centaur warriors
  3 hydras
  2 ogre magi
  8 two-headed ogres
  6 ironbound frosthearts
  2 merfolk avatars
  2 satyrs
  17 dancing weapons
  A death knight (Vaults:2)
  4 merfolk aquamancers
  A deep troll shaman (Depths:2)
  8 death yaks
  12 naga warriors
  3 orc high priests (Orc:2)
  3 tengu warriors
  A hell hog (D:12)
  8 deep troll earth magi
  A vampire mage (Depths:1)
  13 naga sharpshooters
  7 shock serpents
  6 spriggan berserkers
  2 soul eaters (Depths:2)
  A storm dragon zombie (Vaults:4)
  2 iron trolls (Depths:2)
  6 sun demons
  7 deep elf knights
  20 hell knights
  Nergalle (Lair:1)
  2 sixfirhies (D:6)
  5 salamander mystics
  11 sea snakes
  44 deep trolls
  2 phantasmal warriors (Vaults:5)
  12 ironbound convokers
  8 lindwurms
  A glowing orange brain (Depths:2)
  A wizard (D:13)
  21 deep elf pyromancers
  7 orc knights
  16 harpies
  8 necromancers
  A sphinx zombie (Depths:3)
  10 deep elf zephyrmancers
  5 deep elf archers
  3 naga ritualists
  10 mana vipers
  3 orc sorcerers
  A wolf spider (Lair:6)
  A shadow dragon skeleton (Vaults:4)
  2 cyclopes
  7 manticores
  13 fauns
  20 black mambas
  23 salamanders
  4 moths of wrath
  An elf zombie (Vaults:4)
  2 elephants (Lair:4)
  An apocalypse crab (Gauntlet)
  6 merfolk sirens
  18 ugly things
  7 guardian serpents
  7 water nymphs
  9 naga magi
  A water nymph (shapeshifter) (Elf:2)
  An orange demon (D:6)
  A gargoyle (D:11)
  An eye of devastation (D:15)
  12 cane toads
  An unseen horror (D:12)
  3 vault sentinels
  2 tengu conjurers
  7 komodo dragons
  2 kobold demonologists
  6 rime drakes
  An ice devil (D:15)
  34 yaktaurs
  9 trolls
  A shadow dragon simulacrum (Depths:2)
  A meliai (shapeshifter) (D:13)
  18 blink frogs
  4 wind drakes
  A hornet (D:8)
  27 merfolk
  Grinder (D:5)
  8 snapping turtles
  10 dream sheep
  26 slime creatures
  A frost giant simulacrum (Depths:2)
  A culicivora (shapeshifter) (Elf:1)
  2 air elementals (Elf:1)
  A vampire (D:11)
  9 water elementals
  A wraith (D:12)
  A shadow (D:11)
  4 basilisks
  21 yaks
  5 wyverns
  5 fire elementals
  A redback (Vaults:1)
  6 vampire mosquitoes
  10 wargs
  Menkaure (D:7)
  21 nagas
  A steam dragon (D:8)
  15 water moccasins
  Duvessa (D:7)
  7 hell hounds (D:14)
  A floating eye (shapeshifter) (Depths:4)
  A floating eye (Depths:1)
  3 black bears
  15 orc warriors
  3 sky beasts
  2 ice beasts
  8 ogres
  22 wolves
  A phantom (D:7)
  3 kobold brigands
  2 gnoll sergeants
  A necrophage (D:6)
  4 scorpions
  11 bullfrogs
  A glowing shapeshifter simulacrum (Depths:2)
  2 earth elementals (Elf:2)
  Dowan (D:7)
  4 killer bees
  3 electric eels
  2 howler monkeys
  2 lava snakes
  6 hounds
  2 jellies
  Crazy Yiuf (D:5)
  2 gnoll boudas
  9 orc priests
  3 iguanas
  11 orc wizards
  Ijyb (D:3)
  Terence (D:3)
  6 hell rats (Lair:6)
  17 gnolls
  5 adders
  A shadow imp (D:4)
  3 white imps
  An ufetubus (D:5)
  3 worms (D:3)
  A dart slug (D:1)
  35 orcs
  4 ball pythons
  9 bats
  7 endoplasms
  4 giant cockroaches
  11 goblins
  8 hobgoblins
  4 jackals
  2 quokkas (D:1)
  7 frilled lizards
  22 kobolds
  4 rats
  2 fire vortices (D:13)
1343 creatures vanquished.

Vanquished Creatures (collateral kills)
  A dread lich (Zot:5)
  2 orbs of fire (Zot:5)
  A juggernaut (Depths:2)
  A Killer Klown (Zot:4)
  Saint Roka (Depths:2)
  2 golden dragons
  A Tzitzimitl (Depths:4)
  An electric golem (Zot:5)
  4 tentacled monstrosities
  12 Orb Guardians
  A titan (Vaults:1)
  A deep elf blademaster (Elf:3)
  A quicksilver dragon (Vaults:5)
  A walking divine tome (Depths:2)
  A lich (Vaults:5)
  A deep elf master archer (Elf:3)
  A sphinx (Vaults:3)
  3 death cobs
  A shadow dragon (Vaults:5)
  A draconian monk (Depths:4)
  A storm dragon (Zot:5)
  A tengu reaver (Vaults:5)
  4 vault wardens
  5 frost giants
  3 draconian scorchers (Zot:5)
  A ghost moth (Zot:4)
  2 balrugs
  3 fire giants (Vaults:5)
  Louise (Shoals:1)
  An iron dragon (Depths:2)
  A deep elf elementalist (Elf:3)
  A draconian shifter (Zot:1)
  2 orc warlords
  A spriggan defender (Depths:2)
  8 very ugly things
  5 ironbound preservers
  A war gargoyle (Vaults:1)
  A stone giant (Vaults:5)
  A vampire knight (Depths:2)
  2 ironbound thunderhulks
  An entropy weaver (Vaults:5)
  2 yellow draconians
  2 dire elephants
  A minotaur (Gauntlet)
  2 black draconians
  2 green draconians (Depths:4)
  A deep elf annihilator (Elf:3)
  A purple draconian (Zot:4)
  A spark wasp (Depths:3)
  3 deep elf demonologists
  2 green deaths
  3 ettins
  2 merfolk javelineers (Shoals:4)
  A deep elf death mage (Vaults:5)
  5 merfolk impalers
  5 yaktaur captains
  A deep elf high priest (Elf:3)
  2 fire dragons
  2 vault guards
  6 hydras
  A juggernaut simulacrum (Depths:2)
  2 boulder beetles (Vaults:2)
  2 spriggan air magi
  A catoblepas (Lair:6)
  Erica (Lair:1)
  4 salamander tyrants
  A peacekeeper (Vaults:2)
  2 ironbound frosthearts (Vaults:4)
  3 centaur warriors
  A merfolk aquamancer (Shoals:1)
  2 anacondas
  A two-headed ogre (D:10)
  An alligator snapping turtle (Shoals:4)
  A satyr (Shoals:4)
  A death knight (Vaults:2)
  A tengu warrior (Depths:3)
  4 naga warriors
  A deep troll shaman (Depths:2)
  3 deep troll earth magi
  2 death yaks (Lair:6)
  3 shock serpents
  3 hell hogs (D:12)
  5 dancing weapons
  3 spriggan berserkers
  An orc high priest (Elf:1)
  4 hell knights (Depths:1)
  6 naga sharpshooters
  4 sun demons
  Urug (Lair:2)
  A shadow wraith (Vaults:2)
  2 sixfirhies
  4 salamander mystics
  3 sea snakes
  2 deep elf archers (Elf:1)
  15 deep trolls
  2 flayed ghosts (Vaults:5)
  An iron troll (Depths:3)
  A shadow dragon zombie (Vaults:4)
  7 deep elf pyromancers
  2 necromancers
  2 phantasmal warriors (Vaults:5)
  5 lindwurms
  7 ironbound convokers
  2 orc knights (Vaults:4)
  6 harpies
  5 deep elf zephyrmancers
  4 mana vipers
  3 wizards
  5 fauns
  6 manticores
  11 ugly things
  3 orc sorcerers
  7 salamanders
  3 moths of wrath
  2 cyclopes
  5 guardian serpents
  8 black mambas
  5 merfolk sirens
  A rust devil (Depths:2)
  A black mamba (shapeshifter) (D:15)
  2 elephants (Lair:4)
  A smoke demon (Depths:1)
  9 naga magi
  2 water nymphs
  A torpor snail (Lair:6)
  A large abomination (D:7)
  3 cane toads
  5 vault sentinels
  A demonic crawler (Zot:5)
  A rime drake (Lair:1)
  Psyche (D:11)
  A tormentor (Depths:2)
  5 komodo dragons
  9 yaktaurs
  2 trolls
  2 wind drakes
  A polar bear (Lair:4)
  13 merfolk
  16 slime creatures
  7 dream sheep
  5 snapping turtles
  9 blink frogs
  2 water elementals (Shoals:3)
  A spriggan (Depths:3)
  A wyvern (Lair:4)
  2 shadows
  A steam dragon (D:9)
  2 fire elementals
  A basilisk (Lair:1)
  17 yaks
  A chaos spawn (D:15)
  3 vampire mosquitoes
  A redback (Vaults:2)
  17 nagas
  A swamp worm (shapeshifter) (Vaults:5)
  4 water moccasins
  18 orc warriors
  14 wolves (Lair:4)
  A boggart (Orc:2)
  2 kobold brigands
  An earth elemental (Elf:1)
  2 bullfrogs
  3 killer bees
  4 electric eels
  3 lava snakes
  6 orc priests
  5 orc wizards
  2 hell rats (Lair:6)
  2 gnolls (D:9)
  2 shadow imps (D:4)
  19 orcs
  A goblin (Orc:1)
  7 kobolds
567 creatures vanquished.

Vanquished Creatures (others)
  A draconian knight (Zot:5)
  A merfolk aquamancer (Shoals:3)
  A wizard (Vaults:2)
  A tengu simulacrum (Depths:2)
  2 humans (Snake:4)
  66 battlemagi
  An orc wizard (D:8)
  3 ancestors
  14 demonic plants (Gauntlet)
  31 fungi
  136 plants
257 creatures vanquished.

Grand Total: 2167 creatures vanquished

Notes
Turn   | Place    | Note
-------+----------+-------------------------------------------
     0 | D:1      | thirstyecho the Octopode Wanderer began the quest for the
                  | Orb.
     0 | D:1      | thirstyecho set off with the following items: a +2 short
                  | sword, a +0 falchion, a +0 hat, a scroll of silence.
     0 | D:1      | Reached XP level 1. HP: 13/13 MP: 1/1
   118 | D:1      | Reached XP level 2. HP: 15/19 MP: 2/2
   222 | D:1      | Reached skill level 2 in Fighting
   259 | D:1      | Reached skill level 1 in Dodging
   322 | D:1      | Found Jicsuorgh's Weapon Shoppe.
   478 | D:1      | Reached XP level 3. HP: 24/24 MP: 3/3
  1056 | D:1      | Found a faded altar of an unknown god.
  1394 | D:2      | Reached skill level 1 in Throwing
  1394 | D:2      | Reached XP level 4. HP: 30/30 MP: 4/4
  1511 | D:2      | Reached skill level 3 in Fighting
  1839 | D:3      | Noticed Terence
  2028 | D:3      | Noticed Ijyb
  2180 | D:3      | Found a radiant altar of Vehumet.
  2194 | D:3      | Found a bloodstained altar of Trog.
  2803 | D:4      | Reached XP level 5. HP: 37/37 MP: 5/5
  2826 | D:4      | Noticed a kobold demonologist
  2828 | D:4      | Found a transporter.
  2831 | D:4      | Found a transporter.
  2924 | D:4      | Reached skill level 4 in Fighting
  3241 | D:4      | Reached XP level 6. HP: 44/44 MP: 6/6
  3850 | D:4      | Reached skill level 5 in Fighting
  3977 | D:4      | You fall into a shaft and drop 1 floor!
  3977 | D:5      | Entered Level 5 of the Dungeon
  5027 | D:5      | Reached XP level 7. HP: 51/51 MP: 7/7
  5065 | D:5      | Noticed Grinder
  5070 | D:5      | Paralysed by Grinder for 4 turns
  5124 | D:5      | Found Vufienus's Overcharged Wands.
  5186 | D:6      | Found a staircase to the Ecumenical Temple.
  5194 | D:6      | Reached skill level 6 in Fighting
  5318 | Temple   | Entered the Ecumenical Temple
  5619 | D:3      | Killed Terence
  5690 | D:3      | Killed Ijyb
  5736 | D:5      | Killed Grinder
  5737 | D:5      | Reached XP level 8. HP: 58/58 MP: 8/8
  5844 | D:5      | Reached skill level 7 in Fighting
  6436 | D:5      | Reached skill level 5 in Dodging
  6526 | D:5      | Found a runed translucent door.
  6527 | D:5      | Noticed Crazy Yiuf
  6845 | D:5      | Killed Crazy Yiuf
  6988 | D:6      | Reached skill level 5 in Evocations
  7029 | D:6      | Found a hazy altar of Hepliaklqana.
  7037 | D:6      | Became a worshipper of Hepliaklqana the Forgotten
  7381 | D:6      | Found an opulent altar of Gozag.
  7390 | D:6      | Found a broken altar of Ashenzari.
  7461 | D:6      | Found a glowing golden altar of the Shining One.
  7588 | D:7      | Noticed a wyvern
  7601 | D:7      | Killed a wyvern
  7602 | D:7      | Reached XP level 9. HP: 64/64 MP: 9/9
  7624 | D:7      | Noticed Menkaure
  7755 | D:7      | Killed Menkaure
  7864 | D:7      | Reached * piety under Hepliaklqana
  8168 | D:7      | Noticed Duvessa
  8169 | D:7      | Noticed Dowan
  8171 | D:7      | Killed Dowan
  8179 | D:7      | Identified the +0 leather armour of the King of the Hill
                  | {rElec}
  8180 | D:7      | Killed Duvessa
  9149 | D:5      | Bought a wand of paralysis (18) for 300 gold pieces
  9202 | D:7      | Learned a level 5 spell: Borgnjor's Vile Clutch
  9400 | D:8      | Reached skill level 8 in Fighting
  9478 | D:8      | Found a hide-covered altar of Uskayaw.
  9480 | D:8      | Reached ** piety under Hepliaklqana
  9481 | D:8      | Remembered your ancestor :> as a battlemage
  9496 | D:8      | Reached XP level 10. HP: 55/64 MP: 10/10
  9753 | D:8      | Reached skill level 5 in Long Blades
  9932 | D:8      | Identified the +1 pair of boots of the Butcher {Fly rElec}
 10429 | D:9      | Found Wuraf's Magic Scroll Shoppe.
 10434 | D:9      | Bought a scroll of poison for 38 gold pieces
 10434 | D:9      | Bought a scroll of teleportation for 33 gold pieces
 10434 | D:9      | Bought a scroll of fear for 38 gold pieces
 10434 | D:9      | Bought a scroll of identify for 22 gold pieces
 10434 | D:9      | Bought a scroll of magic mapping for 38 gold pieces
 10445 | D:9      | Found a basalt altar of Yredelemnul.
 10523 | D:9      | Identified the +0 scale mail of the Alphagorgon {Will+
                  | Dex+4}
 10525 | D:9      | Found a sacrificial altar of Ru.
 10581 | D:9      | Identified the +1 scale mail of the Arcane {Contam Fly
                  | Dex+5}
 11505 | D:9      | Found a staircase to the Lair.
 11549 | D:9      | Found a transporter.
 11926 | D:9      | Reached *** piety under Hepliaklqana
 12006 | D:9      | Found a transporter.
 12196 | D:10     | Entered Level 10 of the Dungeon
 12197 | D:10     | Found Jurroanoesch's Antique Weapon Emporium.
 12294 | D:10     | Noticed a kobold demonologist
 12309 | D:10     | Killed a kobold demonologist
 12380 | D:10     | Reached skill level 10 in Long Blades
 12380 | D:10     | Reached XP level 11. HP: 62/69 MP: 11/11
 12434 | D:10     | Found a staircase to the Orcish Mines.
 13020 | D:10     | Noticed a two-headed ogre
 13029 | D:10     | Killed a two-headed ogre
 13093 | D:10     | Found an iron altar of Okawaru.
 13125 | D:10     | Found a stormy altar of Qazlal.
 13273 | D:10     | Noticed a two-headed ogre
 13280 | D:10     | Killed a two-headed ogre
 13570 | D:11     | Noticed Fannar
 13575 | D:11     | Killed Fannar
 13589 | D:11     | Reached **** piety under Hepliaklqana
 13639 | D:11     | Noticed Psyche
 13643 | D:11     | Killed Psyche
 13678 | D:11     | Noticed a cyclops
 13689 | D:11     | Killed a cyclops
 14282 | D:9      | Bought a scroll of enchant weapon for 82 gold pieces
 14623 | D:4      | Identified the +5 ring mail of Huhatufigh {rPois Int+4}
 14767 | Lair:1   | Entered Level 1 of the Lair of Beasts
 14824 | Lair:1   | Noticed Erica
 14833 | Lair:1   | Killed Erica
 14834 | Lair:1   | Reached skill level 1 in Shields
 15045 | Lair:1   | Noticed a six-headed hydra
 15053 | Lair:1   | Killed a six-headed hydra
 15054 | Lair:1   | Reached XP level 12. HP: 74/74 MP: 12/12
 15222 | Lair:1   | Noticed Nergalle
 15230 | Lair:1   | Killed Nergalle
 15627 | Lair:1   | Reached ***** piety under Hepliaklqana
 15923 | Lair:2   | Noticed Urug
 15926 | Lair:2   | Found the +2 ratskin cloak {*Rats rPois rN+ Str-1 Int-1
                  | Dex+1}
 15928 | Lair:2   | Killed Urug
 16064 | Lair:2   | Found a staircase to the Snake Pit.
 16420 | Lair:2   | Found a staircase to the Shoals.
 16517 | Lair:2   | Reached skill level 5 in Shields
 17079 | Lair:3   | Reached skill level 9 in Fighting
 17156 | Lair:3   | Noticed an eight-headed hydra
 17161 | Lair:3   | Killed an eight-headed hydra
 17407 | Lair:3   | Reached skill level 1 in Invocations
 17844 | Lair:4   | Reached skill level 10 in Dodging
 17844 | Lair:4   | Reached XP level 13. HP: 76/81 MP: 9/15
 17998 | Lair:4   | Reached ****** piety under Hepliaklqana
 18254 | Lair:4   | Reached skill level 5 in Invocations
 18364 | Lair:4   | Reached skill level 10 in Fighting
 20338 | Lair:6   | Entered Level 6 of the Lair of Beasts
 20396 | Lair:6   | Reached skill level 11 in Fighting
 20445 | Lair:6   | Reached XP level 14. HP: 90/90 MP: 15/18
 20842 | Lair:6   | Reached skill level 12 in Fighting
 21138 | Lair:6   | Found a staircase to the Slime Pits.
 21875 | Lair:6   | Noticed a dire elephant
 22121 | Lair:6   | Reached skill level 13 in Fighting
 22316 | Lair:6   | Killed a dire elephant
 22384 | Lair:6   | Found the +10 zealot's sword {holy, *Rage rN+ EV+3}
 23119 | D:5      | Bought a wand of iceblast (18) for 330 gold pieces
 23119 | D:5      | Bought a wand of digging (11) for 450 gold pieces
 23290 | D:12     | Found a gate leading to a gauntlet.
 23304 | Gauntlet | Entered a Gauntlet
 23304 | Gauntlet | Found a transporter.
 23304 | Gauntlet | Found a transporter.
 23304 | Gauntlet | Found a transporter.
 23305 | Gauntlet | Found a transporter.
 23308 | Gauntlet | Found a transporter.
 23322 | Gauntlet | Found a transporter.
 23383 | Gauntlet | Found a transporter.
 23395 | Gauntlet | Found a transporter.
 23408 | Gauntlet | Found a transporter.
 23418 | Gauntlet | Found a transporter.
 23433 | Gauntlet | Found a transporter.
 23439 | Gauntlet | Found a transporter.
 23522 | Gauntlet | Identified the ring "Zarih" {Fire Str+4}
 23568 | Gauntlet | Identified the ring "Lahizeny" {*Corrode rElec rPois rN+++
                  | Str+5}
 23587 | Gauntlet | Identified the +6 longbow "Ysan" {freeze, rC++ Str+3 Int+3
                  | Stlth+}
 23602 | Gauntlet | Got the Lectures on Blasts and Gusts
 23613 | Gauntlet | Learned a level 2 spell: Wereblood
 23760 | D:12     | Noticed Rupert
 24170 | D:13     | Reached XP level 15. HP: 87/99 MP: 19/19
 24321 | D:13     | Found a gate to the Vaults.
 24927 | D:13     | Reached skill level 14 in Fighting
 26379 | D:15     | Entered Level 15 of the Dungeon
 27385 | D:15     | Reached skill level 15 in Long Blades
 27485 | D:15     | Found a staircase to the Depths.
 27508 | D:15     | Reached skill level 15 in Fighting
 27914 | Orc:1    | Entered Level 1 of the Orcish Mines
 28396 | Orc:2    | Entered Level 2 of the Orcish Mines
 28584 | Orc:1    | Reached XP level 16. HP: 85/109 MP: 20/22
 29333 | Orc:2    | Found Fiyteiwa's General Store.
 29341 | Orc:2    | Bought a potion of heal wounds for 75 gold pieces
 29428 | Orc:2    | Found Igualij's Antique Armour Boutique.
 29659 | Orc:2    | Found Xympy's Jewellery Boutique.
 29666 | Orc:2    | Found a staircase to the Elven Halls.
 29671 | Orc:2    | Bought a +4 ring of evasion for 468 gold pieces
 29671 | Orc:2    | Bought an amulet of regeneration for 390 gold pieces
 29671 | Orc:2    | Bought a ring of willpower for 325 gold pieces
 29752 | Orc:2    | Found Laotuz's Antique Weapon Boutique.
 30078 | Elf:1    | Entered Level 1 of the Elven Halls
 30629 | Elf:1    | Identified the +8 falchion of Resumed Hostilities {freeze,
                  | rF+++ Int+4}
 30959 | Elf:1    | Reached skill level 16 in Fighting
 31275 | Elf:1    | Found an ancient bone altar of Kikubaaqudgha.
 31488 | Elf:1    | Found an ancient bone altar of Kikubaaqudgha.
 31710 | Elf:1    | Paralysed by an air elemental for 1 turns
 31711 | Elf:1    | Noticed Nikola
 31723 | Elf:1    | Killed Nikola
 32026 | Elf:1    | Got the Atlas of Planar Evil
 32053 | Elf:1    | Found a shimmering altar of Xom.
 32054 | Elf:1    | Found a shimmering blue altar of Sif Muna.
 32054 | Elf:1    | Found a shimmering altar of Xom.
 32453 | Elf:1    | Reached skill level 17 in Fighting
 32861 | Elf:1    | Identified a scroll of acquirement
 32862 | Elf:1    | Acquired the +1 hat "Aclyck" {+Blink rC+ Regen+ Str+3}
 33238 | Elf:2    | Reached XP level 17. HP: 118/118 MP: 23/23
 33608 | Elf:2    | Found Duvo's Book Shop.
 33616 | Elf:2    | Found Unwofum's Armour Shoppe.
 33619 | Elf:2    | Found Xeisikh's Book Emporium.
 33621 | Elf:2    | Found Lejocrydgh's Weapon Shoppe.
 33753 | Elf:2    | Reached skill level 1 in Transmutations
 33838 | Elf:2    | Reached skill level 1 in Earth Magic
 33884 | Elf:2    | Found a runed translucent gate.
 33884 | Elf:2    | Found a runed translucent gate.
 33884 | Elf:2    | Found a runed translucent gate.
 33979 | Elf:3    | Entered Level 3 of the Elven Halls
 34004 | Elf:3    | Found Eguupp's Weapon Emporium.
 34017 | Elf:3    | Reached skill level 1 in Spellcasting
 34051 | Elf:3    | Found Odasy's Armour Emporium.
 34080 | Elf:3    | Noticed Mara
 34092 | Elf:3    | Killed Mara
 34122 | Elf:3    | Found a flickering gateway to a bazaar.
 34137 | Bazaar   | Entered a bazaar
 34142 | Bazaar   | Found Ximopsea's Weapon Shoppe.
 34147 | Bazaar   | Found Garph's Weapon Shoppe.
 34154 | Bazaar   | Found Ynutu's Antique Weapon Emporium.
 34164 | Bazaar   | Found Gacuuf's Book Boutique.
 34197 | Bazaar   | Found Ronaz's Armour Boutique.
 35220 | Elf:3    | Identified the ring "Moed" {Ice rPois Stlth+}
 35451 | Elf:3    | Identified the ring "Xiysyss" {rCorr EV+4}
 35558 | Elf:3    | Identified the ring of Xom's Bemusement {Will+ Str+5}
 35558 | Elf:3    | Noticed a deep elf master archer
 35566 | Elf:3    | Killed a deep elf master archer
 36570 | Elf:3    | Identified the +6 battleaxe of Gegredd {drain, rCorr}
 36706 | Elf:3    | Reached skill level 5 in Transmutations
 36713 | Elf:3    | Identified the +1 chain mail of Devotion {rF- Str+2 Dex+4}
 36713 | Elf:3    | Noticed a deep elf master archer
 36714 | Elf:3    | Killed a deep elf master archer
 36715 | Elf:3    | Reached skill level 5 in Earth Magic
 37010 | Elf:3    | Identified the +2 rapier of the Shore {pain, +Blink rF-
                  | Int-4 Stlth+}
 37010 | Elf:3    | Identified the +9 plate armour of the Devil's Team {*Slow
                  | MP+9 Int+2}
 37021 | Elf:3    | Noticed a deep elf blademaster
 37104 | Elf:3    | Noticed Bai Suzhen
 37133 | Elf:3    | Killed Bai Suzhen
 37134 | Elf:3    | Reached skill level 18 in Fighting
 37489 | Elf:3    | Noticed a deep elf master archer
 37502 | Elf:3    | Killed a deep elf master archer
 38692 | Elf:3    | Reached XP level 18. HP: 118/126 MP: 24/24
 38920 | Elf:3    | Noticed a deep elf blademaster
 38930 | Elf:3    | Killed a deep elf blademaster
 38977 | Elf:3    | Killed a deep elf blademaster
 39374 | Elf:3    | Learned a level 6 spell: Statue Form
 39767 | Elf:2    | Bought a book of Minor Magic for 234 gold pieces
 39979 | D:5      | Bought a wand of acid (18) for 660 gold pieces
 40127 | Shoals:1 | Entered Level 1 of the Shoals
 40222 | Shoals:1 | Noticed Louise
 40235 | Shoals:1 | Killed Louise
 40306 | Shoals:1 | Reached skill level 5 in Spellcasting
 40769 | Shoals:2 | Found Punipp's Weapon Shoppe.
 41013 | Shoals:2 | Noticed Ilsuiw
 41021 | Shoals:2 | Killed Ilsuiw
 41158 | Shoals:2 | Reached skill level 10 in Transmutations
 41589 | Shoals:3 | Found Muilick's Magic Scroll Shop.
 41591 | Shoals:3 | Found Ymneont's Book Shoppe.
 41690 | Shoals:3 | Bought a scroll of fear for 52 gold pieces
 41690 | Shoals:3 | Bought a scroll of silence for 112 gold pieces
 41690 | Shoals:3 | Bought a scroll of enchant weapon for 112 gold pieces
 42128 | Shoals:3 | Reached skill level 10 in Earth Magic
 42159 | Shoals:3 | Learned a level 2 spell: Blink
 42160 | Shoals:4 | Entered Level 4 of the Shoals
 42244 | Shoals:4 | Reached XP level 19. HP: 128/131 MP: 23/29
 42250 | Shoals:4 | Reached skill level 1 in Translocations
 42310 | Shoals:4 | Identified the +0 buckler of the Zebra {rC+}
 42441 | Shoals:4 | Identified the +8 chain mail of Courage {rElec rF+ Dex-5
                  | SInv}
 42535 | Shoals:4 | Identified the +4 war axe "Bubbaes" {vorpal, rCorr Str+3
                  | Int+2}
 42616 | Shoals:4 | Noticed Polyphemus
 42632 | Shoals:4 | Killed Polyphemus
 42767 | Shoals:4 | Got a barnacled rune of Zot
 43168 | Shoals:4 | Learned a level 5 spell: Manifold Assault
 43270 | Snake:1  | Entered Level 1 of the Snake Pit
 43384 | Snake:1  | Found Xigoex's Antique Armour Shoppe.
 43384 | Snake:1  | Found Sesisu's Antique Armour Emporium.
 43401 | Snake:1  | Reached skill level 5 in Translocations
 43902 | Snake:2  | Reached skill level 10 in Spellcasting
 43967 | Snake:2  | Reached skill level 15 in Transmutations
 44660 | Snake:3  | Reached XP level 20. HP: 137/137 MP: 31/35
 45302 | Snake:4  | Entered Level 4 of the Snake Pit
 45305 | Snake:4  | Noticed Aizul
 45310 | Snake:4  | Killed Aizul
 45317 | Snake:4  | Noticed Kirke
 45321 | Snake:4  | Killed Kirke
 45419 | Snake:4  | Reached skill level 10 in Translocations
 45892 | Snake:4  | Reached skill level 1 in Necromancy
 45918 | Snake:4  | Got a serpentine rune of Zot
 46119 | Snake:4  | Noticed Vashnia
 46132 | Snake:4  | Killed Vashnia
 46464 | Snake:1  | Bought a jewelled buckler for 304 gold pieces
 46464 | Snake:1  | Identified the +7 buckler "Zobrio Ufyo" {Int+7} (You bought
                  | it in a shop on level 1 of the Snake Pit)
 46636 | D:5      | Bought a wand of paralysis (18) for 300 gold pieces
 46815 | Vaults:1 | Entered Level 1 of the Vaults
 46859 | Vaults:1 | Reached XP level 21. HP: 144/144 MP: 37/37
 47160 | Vaults:2 | Reached skill level 1 in Conjurations
 47432 | Vaults:1 | Reached skill level 15 in Dodging
 47903 | Vaults:1 | Identified the +3 great sword of the Onslaught {distort,
                  | Fly rN+ Stlth-}
 47944 | Vaults:1 | Reached skill level 19 in Fighting
 48206 | Vaults:2 | Found Awkeyvva's Armour Emporium.
 48343 | Vaults:2 | Found a staircase to the Crypt.
 48566 | Vaults:2 | Identified the +1 robe of the Volcano {+Blink rF+ Int-5}
 48592 | Vaults:2 | Reached skill level 5 in Necromancy
 48705 | Vaults:2 | Reached skill level 5 in Conjurations
 49340 | Vaults:3 | Reached XP level 22. HP: 152/152 MP: 32/38
 49517 | Vaults:3 | Identified the +6 arbalest of Lidd {elec, Will+ Str+4}
 49868 | Vaults:3 | Reached skill level 10 in Shields
 50358 | Vaults:3 | Learned a level 5 spell: Lee's Rapid Deconstruction
 50588 | Vaults:4 | Reached skill level 20 in Fighting
 51184 | Vaults:4 | Found Seddi's Jewellery Shoppe.
 51196 | Vaults:4 | Bought a ring of protection from fire for 400 gold pieces
 51762 | Elf:2    | Bought a book of Alchemy for 364 gold pieces
 51768 | Elf:2    | Learned a level 5 spell: Irradiate
 52017 | Depths:1 | Entered Level 1 of the Depths
 52303 | Depths:1 | Noticed a caustic shrike
 52306 | Depths:1 | Killed a caustic shrike
 52323 | Depths:1 | Identified the +4 hand axe of Chance {speed, rF- Will+
                  | Str+3 Dex+2}
 52514 | Depths:1 | Found an iron altar of Okawaru.
 52547 | Depths:1 | Found a portal to a secret trove of treasure.
 52610 | Depths:1 | Reached skill level 21 in Fighting
 52879 | Depths:2 | Found a one-way gate leading to the halls of Pandemonium.
 52884 | Depths:2 | Reached XP level 23. HP: 162/162 MP: 33/39
 52978 | Depths:2 | Found a transporter.
 52989 | Depths:2 | Noticed Saint Roka
 53007 | Depths:2 | Killed Saint Roka
 53050 | Depths:2 | Identified the ring "Yzeunkuu" {Ice Drain Int+9 Dex+7
                  | Slay+3}
 53050 | Depths:2 | Noticed Josephina
 53064 | Depths:2 | Killed Josephina
 53457 | Depths:2 | Found a sparkling altar of Nemelex Xobeh.
 53673 | Depths:2 | Found a gateway to Hell.
 53892 | Depths:2 | Found a transporter.
 53926 | Depths:2 | Noticed a juggernaut
 53933 | Depths:2 | Killed a juggernaut
 54049 | Depths:2 | Got the Essays on Displacement and the Black Widow
 54051 | Depths:2 | Identified the ring "Zaxkelip" {Fly rF+ Str+5 Dex-3 Slay+4}
 54079 | Depths:2 | Identified the ring "Lext" {rPois rC+ rN+ rCorr}
 54154 | Depths:3 | Noticed the Enchantress
 54158 | Depths:3 | Reached skill level 22 in Fighting
 54270 | Depths:3 | Noticed a juggernaut
 54276 | Depths:3 | Killed a juggernaut
 54296 | Depths:3 | Found a shimmering altar of Xom.
 54301 | Depths:3 | Found Faokah's Magic Scroll Shop.
 54326 | Depths:3 | Bought a scroll of teleportation for 54 gold pieces
 54326 | Depths:3 | Bought a scroll of teleportation for 54 gold pieces
 54326 | Depths:3 | Bought a scroll of blinking for 135 gold pieces
 54326 | Depths:3 | Bought a scroll of fog for 36 gold pieces
 54361 | Depths:3 | Killed the Enchantress
 54401 | Depths:3 | Found a one-way gate to the infinite horrors of the Abyss.
 54535 | Depths:3 | Noticed Margery
 54552 | Depths:3 | Noticed a caustic shrike
 54553 | Depths:3 | Killed Margery
 54557 | Depths:3 | Killed a caustic shrike
 54656 | Depths:3 | Noticed a golden dragon
 54665 | Depths:3 | Killed a golden dragon
 54678 | Depths:3 | Noticed a golden dragon
 54682 | Depths:3 | Killed a golden dragon
 54809 | Depths:3 | Reached skill level 10 in Evocations
 54928 | Depths:4 | Entered Level 4 of the Depths
 54928 | Depths:4 | Noticed a juggernaut
 54933 | Depths:4 | Killed a juggernaut
 54997 | Depths:4 | Reached XP level 24. HP: 170/170 MP: 40/40
 55042 | Depths:4 | Found a one-way gateway to a ziggurat.
 55051 | Depths:4 | Found the +4 Cigotuvi's embrace {rMiasma Drain rN+}
 55167 | Depths:4 | Found a runed translucent door.
 55167 | Depths:4 | Noticed Tadecekk's ghost (veteran GrSu)
 55392 | Depths:4 | Found a gate to the Realm of Zot.
 55607 | Depths:4 | Found Supitzukk's Book Boutique.
 55607 | Depths:4 | Found Foiduw Tirghu's Jewellery Emporium.
 55608 | Depths:4 | Found Xupsu's Jewellery Emporium.
 55794 | Depths:4 | Killed Tadecekk's ghost
 56140 | Vaults:5 | Entered Level 5 of the Vaults
 56303 | Vaults:5 | Found Omos's General Store.
 56330 | Vaults:5 | Identified the ring "Haicw" {Wiz rCorr Str+6 Dex-2}
 56368 | Vaults:5 | Identified the +6 scale mail of Integrity {rN+ SInv}
 56441 | Vaults:5 | Reached skill level 15 in Evocations
 56528 | Vaults:5 | Identified the +2 halberd of Udeid {antimagic, Int+4}
 56586 | Vaults:5 | Found Omuolad's Jewellery Shop.
 56640 | Vaults:5 | Got Kavvoic's Guide on Conflagration and Generation
 56644 | Vaults:5 | Identified the +6 glaive of Inconvenience {flame, rC+}
 57088 | Vaults:5 | Found Bueg's Antique Armour Shoppe.
 57178 | Vaults:5 | Reached XP level 25. HP: 175/175 MP: 39/40
 57211 | Vaults:5 | Got a silver rune of Zot
 57832 | Depths:4 | Bought the ring "Zeohuyrr" {Wiz rPois rF+ Int+2} for 1048
                  | gold pieces
 58204 | Vaults:5 | Bought a potion of curing for 60 gold pieces
 58533 | Depths:3 | Bought a scroll of enchant weapon for 135 gold pieces
 58590 | Zot:1    | Entered Level 1 of the Realm of Zot
 58873 | Zot:4    | Noticed a Killer Klown
 58874 | Zot:4    | Killed a Killer Klown
 59001 | Zot:5    | Entered Level 5 of the Realm of Zot
 59364 | Zot:5    | Learned a level 4 spell: Passage of Golubria
 59371 | Zot:5    | Learned a level 6 spell: Dispersal
 59377 | Zot:5    | Learned a level 5 spell: Yara's Violent Unravelling
 59553 | Zot:5    | Noticed an ancient lich
 59557 | Zot:5    | Noticed an orb of fire
 59559 | Zot:5    | Killed an ancient lich
 59565 | Zot:5    | Killed an orb of fire
 59611 | Zot:5    | Noticed an orb of fire
 59613 | Zot:5    | Gained mutation: You sometimes lose your temper in combat.
                  | [an orb of fire]
 59614 | Zot:5    | Killed an orb of fire
 59614 | Zot:5    | Noticed a dread lich
 59622 | Zot:5    | Killed a dread lich
 59700 | Zot:5    | Noticed an orb of fire
 59704 | Zot:5    | Noticed an orb of fire
 59707 | Zot:5    | Gained mutation: You are occasionally teleported next to
                  | monsters. [an orb of fire]
 59709 | Zot:5    | Killed an orb of fire
 59710 | Zot:5    | Noticed a Killer Klown
 59711 | Zot:5    | Gained mutation: You are often teleported next to monsters.
                  | [an orb of fire]
 59715 | Zot:5    | Gained mutation: You are dopey. (Int -2) [an orb of fire]
 59717 | Zot:5    | Killed a Killer Klown
 59724 | Zot:5    | Killed an orb of fire
 59725 | Zot:5    | Reached skill level 23 in Fighting
 59734 | Zot:5    | Lost mutation: You are often teleported next to monsters.
                  | [potion of mutation]
 59734 | Zot:5    | Lost mutation: You are occasionally teleported next to
                  | monsters. [potion of mutation]
 59734 | Zot:5    | Lost mutation: You sometimes lose your temper in combat.
                  | [potion of mutation]
 59734 | Zot:5    | Gained mutation: You are weak. (Str -2) [potion of
                  | mutation]
 59734 | Zot:5    | Gained mutation: You are frail. (-10% HP) [potion of
                  | mutation]
 59734 | Zot:5    | Lost mutation: You are dopey. (Int -2) [potion of mutation]
 60080 | Zot:5    | Noticed an orb of fire
 60082 | Zot:5    | Noticed an orb of fire
 60083 | Zot:5    | Gained mutation: You are very weak. (Str -4) [an orb of
                  | fire]
 60084 | Zot:5    | Noticed a Killer Klown
 60084 | Zot:5    | Noticed a Killer Klown
 60086 | Zot:5    | Gained mutation: You are very frail. (-20% HP) [an orb of
                  | fire]
 60090 | Zot:5    | Killed a Killer Klown
 60098 | Zot:5    | Killed an orb of fire
 60100 | Zot:5    | Noticed a Killer Klown
 60104 | Zot:5    | Killed a Killer Klown
 60104 | Zot:5    | Noticed an orb of fire
 60105 | Zot:5    | Gained mutation: You are extremely frail. (-30% HP) [an orb
                  | of fire]
 60106 | Zot:5    | Noticed an orb of fire
 60107 | Zot:5    | Killed an orb of fire
 60115 | Zot:5    | Noticed an orb of fire
 60121 | Zot:5    | Noticed an orb of fire
 60126 | Zot:5    | Gained mutation: You occasionally lose the ability to read
                  | scrolls when taking damage. [an orb of fire]
 60130 | Zot:5    | Killed an orb of fire
 60131 | Zot:5    | Reached skill level 24 in Fighting
 60131 | Zot:5    | Reached XP level 26. HP: 69/124 MP: 13/40
 60132 | Zot:5    | Killed an orb of fire
 60407 | Zot:5    | Killed an orb of fire
 60567 | Zot:5    | Lost mutation: You are very weak. (Str -4) [potion of
                  | mutation]
 60567 | Zot:5    | Lost mutation: You occasionally lose the ability to read
                  | scrolls when taking damage. [potion of mutation]
 60567 | Zot:5    | Lost mutation: You are extremely frail. (-30% HP) [potion
                  | of mutation]
 60567 | Zot:5    | Gained mutation: Your system is resistant to poisons.
                  | (rPois) [potion of mutation]
 60567 | Zot:5    | Gained mutation: Your natural rate of healing is unusually
                  | fast. [potion of mutation]
 60567 | Zot:5    | Gained mutation: One of your tentacles bears a spike.
                  | [potion of mutation]
 60568 | Zot:5    | Lost mutation: Your natural rate of healing is unusually
                  | fast. [potion of mutation]
 60568 | Zot:5    | Lost mutation: One of your tentacles bears a spike. [potion
                  | of mutation]
 60568 | Zot:5    | Lost mutation: Your system is resistant to poisons. (rPois)
                  | [potion of mutation]
 60568 | Zot:5    | Gained mutation: You have supernaturally acute eyesight.
                  | (SInv) [potion of mutation]
 60569 | Zot:5    | Lost mutation: You are weak. (Str -2) [potion of mutation]
 60569 | Zot:5    | Lost mutation: You are very frail. (-20% HP) [potion of
                  | mutation]
 60569 | Zot:5    | Lost mutation: You are frail. (-10% HP) [potion of
                  | mutation]
 60569 | Zot:5    | Gained mutation: Your spells are a little easier to cast,
                  | but a little less powerful. [potion of mutation]
 60569 | Zot:5    | Gained mutation: You are dopey. (Int -2) [potion of
                  | mutation]
 60569 | Zot:5    | Gained mutation: A frigid envelope surrounds you and
                  | freezes all who hurt you. [potion of mutation]
 60569 | Zot:5    | Lost mutation: Your spells are a little easier to cast, but
                  | a little less powerful. [potion of mutation]
 60598 | Zot:5    | Got the Orb of Zot
 60600 | Zot:5    | Gained mutation: Your magical capacity is low. (-10% MP)
                  | [an orb of fire]
 60604 | Zot:5    | Gained mutation: You are weak. (Str -2) [an orb of fire]
 60606 | Zot:5    | Killed an orb of fire
 60610 | Zot:5    | Killed a Killer Klown
 60931 | D:12     | Reached skill level 25 in Fighting
 61101 | D:7      | Noticed Ijes the pandemonium lord
 61111 | D:7      | Killed Ijes the pandemonium lord
 61261 | D:$      | Escaped with the Orb!

Illustrated notes

Levels and vault maps discovered:
D:1:      scummos_arrival_checkerplants, layout_basic,
          shapermc_ecumenical_altar_mp_vishouse, serial_shops,
          nicolae_square_shop, chequers_avenue, grunt_decor_cap,
          minmay_pentomino_o4
D:2:      layout_loops_cross
D:3:      layout_loops_ring, mainiacjoe_overflow_catwalk_spiral, uniq_ijyb,
          uniq_terence
D:4:      gammafunk_wand_slinger, layout_basic, corexii_item_surrounded_by_moat,
          interstate_on_off, kennysheep_generic_room_3
D:5:      layout_cave_pools, nicolae_shop_overcharged_wands, uniq_grinder,
          uniq_crazy_yiuf_cottage
D:6:      layout_rooms, mainiacjoe_overflow_big_doors, tso_oasis_becter,
          nicolae_hepliaklqana_hazy_memory, minmay_temple_entry_offerings
D:7:      layout_cave_pods, serial_bayou_pond_e, minmay_chambers_of_fives,
          uniq_menkaure, uniq_duvessa
D:8:      layout_cave_pods, eat_drink_and_be_merry_uskayaw, columned_hall_lemuel
D:9:      layout_basic, mainiacjoe_overflow_boulevard,
          mainiacjoe_overflow_six_doors_small, erik_lair_island, serial_shops,
          shop, nicolae_diode_stairs
D:10:     layout_irregular_city, nicolae_qazlal_general_emergency,
          mainiacjoe_overflow_small_starburst, orc_0_dummy, serial_shops, shop
D:11:     layout_long_grid, uniq_psyche, uniq_fannar
D:12:     layout_gridville, gauntlet_entry_generic, uniq_rupert
D:13:     layout_basic, david_vaults_1, serial_aquarium,
          aquarium_bridge_island_small [aquarium_subvault_small_water,
          aquarium_subvault_bridge, aquarium_subvault_bridge,
          aquarium_subvault_bridge, aquarium_subvault_balcony],
          aquarium_bridge_square [aquarium_subvault_bridge,
          aquarium_subvault_bridge, aquarium_subvault_wall,
          aquarium_subvault_window], aquarium_window_fake, aquarium_window_1,
          aquarium_window_fake, aquarium_window_fake, aquarium_view_2c,
          aquarium_balcony_5a
D:14:     layout_basic, minmay_misc_feat_four_crosses, minmay_rotating_lava
D:15:     hangedman_depths_entry_try_elsewhere_first, layout_grid_maze,
          ebering_dispersal_statue_hall
Temple:   nicolae_temple_ecumenical_triangle
Lair:1:   layout_regular_city, uniq_erica, uniq_nergalle
Lair:2:   layout_roguey, elwin_shoals_entry_rooms, guppyfry_snake_entry_garden,
          minivault_25, serial_bayou_shore_a, grunt_megastairs_3, uniq_urug
Lair:3:   layout_gridlike
Lair:4:   layout_regular_city, serial_bayou_pond_d, wad_woods_road_06,
          grunt_forest_large_clearings, lemuel_fruit_fields, grunt_megastairs_5
Lair:5:   layout_cave_pods
Lair:6:   hangedman_lair_in_review, layout_cave_pods, slime_entry_1,
          nicolae_lair_yak_garden
Shoals:1: layout_shoals, nicolae_splish_splash, uniq_louise
Shoals:2: layout_shoals, serial_shops, nicolae_stop_n_shop_2, uniq_ilsuiw
Shoals:3: layout_shoals, serial_shops, nicolae_take_the_stairs, shop_statue,
          nicolae_shoals_shepherds
Shoals:4: shoals_end_grunt_ice, layout_shoals, uniq_polyphemus
Snake:1:  dpeg_oklob_gauntlet, layout_misc_corridors, drop_trap,
          minmay_shoptagon, serial_bayou_shore_b, serial_bayou_shore_b,
          serial_bayou_shore_b
Snake:2:  layout_rooms, serial_bayou_pond_b, nicolae_snake_salamander_fort
Snake:3:  layout_gridlike
Snake:4:  snake_pit_salamanders_mu, layout_misc_corridors,
          guppyfry_library_mini, lemuel_fruit_tree, uniq_aizul, uniq_vashnia,
          uniq_kirke
Orc:1:    layout_caves, mines5_lemuel
Orc:2:    grunt_orc_gardens, layout_caves, grunt_orc_garden, grunt_orc_garden,
          grunt_orc_garden, grunt_orc_garden
Elf:1:    minmay_the_grid_octo_2x2 [minmay_the_grid_octo_fan_narrow,
          minmay_the_grid_octo_shrine, minmay_the_grid_octo_vomiting_pacman,
          minmay_the_grid_octo_prize_square_snowflake], layout_geoelf_grid,
          basic_altar, hangedman_elf_represent, uniq_nikola
Elf:2:    nicolae_elf_blades_splatter_lattice
          [nicolae_blade_entry_hurt_lockers], layout_rooms, serial_shops,
          nicolae_shop_stone, minmay_shop_star, uniq_jorgrun
Elf:3:    minmay_elf_hall_quartered_circle, layout_geoelf_diagonals,
          serial_shops, bzr_in_the_mist, nicolae_shop_statue_plus, shop_statue,
          uniq_mara, uniq_bai_suzhen
Vaults:1: ontoclasm_vaults_ligature, v_rooms_4, nicolae_vaults_big_angled_halls,
          hangedman_vaults_cutoff, v_misc_1, v_misc_32, ontoclasm_vaults_idyll,
          nicolae_vaults_big_angled_halls, nicolae_vaults_inception_statues,
          ontoclasm_vaults_eye, v_misc_16, ontoclasm_vaults_decontamination,
          hangedman_vaults_trim, vaults_dpeg_encased_lava,
          layout_vaults_omnicross
Vaults:2: nicolae_vaults_hallways_thing, v_misc_13, blue_anna_dwarven_crypt,
          vaults_mumra_minichess, hangedman_vaults_stream, v_misc_14,
          grunt_vaults_hallway_short, vaults_room_grid, ontoclasm_vaults_spin,
          ontoclasm_vaults_twist, nicolae_vaults_an_arrangement,
          nicolae_vaults_network_periphery, dpeg_vaults_monster_row, v_misc_13,
          layout_vaults_maze_snakey, serial_shops, shop
Vaults:3: grunt_vaults_funnel, nicolae_vaults_windows_and_doors_thing,
          v_misc_30, v_pattern_4, ontoclasm_vaults_idyll, grunt_vaults_diagonal,
          nicolae_vaults_yaktaur_gun_rack, vaults_room_pools,
          layout_vaults_omnigrid
Vaults:4: hangedman_vaults_stitches, nicolae_vaults_network_barrier,
          nicolae_vaults_bisected_inception, v_misc_30,
          nicolae_vaults_little_squares_4, nicolae_vaults_diagonal_hallway_6,
          nicolae_vaults_three_branches, nicolae_vaults_little_squares_3,
          v_misc_29, ontoclasm_vaults_misaligned, vaults_room_stairs_pillars,
          v_alt_pattern_4, vaults_room_pools, hangedman_vaults_cutoff,
          nicolae_vaults_shelves_hall, vaults_room_door_ring,
          layout_vaults_omnibox, serial_shops, shop
Vaults:5
Depths:1: layout_gridlike, okawaru_gym_becter, enter_trove_2, hellmouth_1,
          kennysheep_just_a_vault
Depths:2: gammafunk_dig_for_victory, layout_honeycomb, grunt_hell_entry_dis_old,
          nemelex_spade_bored_becter, rand_demon_pan_entry_5,
          minmay_staircase_statues, uniq_saint_roka, uniq_josephina
Depths:3: minmay_curly_fans, layout_cave_pools,
          nicolae_abyss_entry_one_way_or_another, rand_demon_pan_entry_1,
          hell_entry, serial_shops, nicolae_shop_statue_plus,
          chequers_serial_rivers_micro_d, xom_teletrap_fun,
          serial_bayou_shore_b, infiniplex_staircase_diamond, uniq_margery,
          uniq_enchantress
Depths:4: grunt_zot_entry_tricorne, layout_gridville, enter_ziggurat_b,
          hellmonk_ghost_happy_afterlife, hell_entry, pan_entry, nrook_campfire,
          abyss_entry, statue_in_the_mist_lemuel, minmay_shop_grove
Zot:1:    layout_basic, kennysheep_underground_church, grunt_megastairs_2
Zot:2:    layout_concentric_octagons
Zot:3:    layout_misc_corridors, gammafunk_ghost_grave
Zot:4:    kennysheep_blocky_room, layout_gridlike, st_large_dragon_hoard_1
Zot:5:    layout_misc_corridors

Skill      XL: |  1  2  3  4  5  6  7  8  9 10 11 12 13 14 15 16 17 18 19 20 21 22 23 24 25 26 |
---------------+-------------------------------------------------------------------------------+-----
Fighting       | 2 3 4 5 6 7 8 9 11 13 15 17 18 19 21 22 24 25 | 25.3
Dodging        | 1 2 3 4 6 7 10 12 13 14 15 16 18 | 18.0
Throwing       | 1 |  1.0
Evocations     | 2 6 8 11 17 19 | 19.8
Long Blades    | 4 10 13 14 15 | 15.6
Shields        | 2 5 6 8 9 10 | 10.0
Invocations    | 2 6 9 |  9.0
Transmutations | 6 12 15 | 15.6
Earth Magic    | 6 10 | 10.0
Spellcasting   | 3 7 11 12 13 | 13.0
Translocations | 7 12 | 12.0
Necromancy     | 3 5 6 |  6.0
Conjurations   | 5 8 |  8.0
Short Blades   | |  5.0
Stealth        | |  2.6

Action                   |  1- 3 |  4- 6 |  7- 9 | 10-12 | 13-15 | 16-18 | 19-21 | 22-24 | 25-27 || total
-------------------------+-------+-------+-------+-------+-------+-------+-------+-------+-------++-------
Melee: Short sword       |    54 |   103 |   176 |       |       |       |       |       |       ||   333
       Constrict         |    13 |    20 |    41 |    52 |    81 |   174 |   103 |   109 |    30 ||   623
       Tentacles         |     4 |    21 |    48 |    76 |   130 |   203 |   200 |   237 |    71 ||   990
       Punch             |       |     2 |     3 |     4 |     6 |    16 |    17 |    12 |     3 ||    63
       Double sword      |       |       |       |   229 |   469 |   617 |   700 |   699 |   263 ||  2977
Throw: Dart              |       |    15 |    28 |    21 |     8 |     6 |       |       |       ||    78
       Throwing net      |       |       |       |       |     1 |       |       |       |       ||     1
 Cast: Statue Form       |       |       |       |       |       |       |    67 |    72 |    32 ||   171
       Irradiate         |       |       |       |       |       |       |       |     2 |     1 ||     3
       Manifold Assault  |       |       |       |       |       |       |       |       |    30 ||    30
       Passage of Golubr |       |       |       |       |       |       |       |       |     2 ||     2
       Borgnjor's Vile C |       |       |       |       |       |       |       |       |     1 ||     1
Invok: Recall Ancestor   |       |       |     1 |    10 |    10 |    13 |     2 |       |     8 ||    44
       Ancestor Life: Ba |       |       |     1 |       |       |       |       |       |       ||     1
       Idealise          |       |       |       |     1 |    23 |    13 |     5 |     6 |     6 ||    54
       Ancestor Identity |       |       |       |     1 |       |       |       |       |       ||     1
 Abil: End Transformatio |       |       |       |       |       |       |       |       |     1 ||     1
       Evoke Blink       |       |       |       |       |       |       |       |       |     1 ||     1
Evoke: Wand              |       |       |    19 |    23 |    53 |    20 |       |     8 |     5 ||   128
       Phantom mirror    |       |       |       |       |     1 |     1 |       |       |       ||     2
       Condenser vane    |       |       |       |       |     1 |     4 |     3 |     2 |       ||    10
  Use: Scroll            |       |     4 |     8 |    17 |     7 |    19 |     3 |     6 |     9 ||    73
       Potion            |       |       |       |       |     2 |     3 |     1 |       |    12 ||    18
 Stab: Sleeping          |    18 |    18 |     5 |     6 |     6 |    16 |    16 |     6 |       ||    91
       Distracted        |     1 |       |       |     6 |    13 |    19 |    26 |    28 |     9 ||   102
       Paralysed         |       |       |     6 |     2 |       |       |       |       |       ||     8
       Invisible         |       |       |       |       |       |     1 |       |       |       ||     1
       Petrified         |       |       |       |       |       |       |     1 |       |       ||     1
Armor: Skin              |     2 |     4 |     2 |    10 |    11 |     5 |   122 |   133 |    51 ||   340
Dodge: Dodged            |    17 |    35 |   107 |   121 |   209 |   329 |   970 |   954 |   295 ||  3037
Block: Kite shield       |       |       |       |    55 |   307 |   420 |    10 |       |       ||   792
       Buckler           |       |       |       |       |       |       |   532 |   627 |   135 ||  1294

Table legend: (Time is in decaauts)
 A = Elapsed time spent in this place.
 B = Non-inter-level travel time spent in this place.
 C = Inter-level travel time spent in this place.
 D = Time resting spent in this place.
 E = Time spent auto-exploring this place.
 F = Levels seen in this place.
 G = Mean time per level.
                   A        B        C        D        E       F      G
               +--------+--------+--------+--------+--------+-----+--------+
         Total |  64153 |  57658 |   6495 |  16577 |  27774 |  51 | 1257.9 |
       Dungeon |  20983 |  17912 |   3071 |   5519 |   8604 |  15 | 1398.9 |
        Temple |     52 |     42 |     10 |      0 |     34 |   1 |   52.0 |
          Lair |   8490 |   7982 |    508 |   1945 |   4726 |   6 | 1415.0 |
        Shoals |   3253 |   3114 |    139 |    362 |   1460 |   4 |  813.2 |
     Snake Pit |   3822 |   3625 |    197 |    220 |   2281 |   4 |  955.5 |
  Orcish Mines |   2377 |   2098 |    279 |    816 |    887 |   2 | 1188.5 |
   Elven Halls |   9482 |   8771 |    711 |   5811 |   1489 |   3 | 3160.7 |
        Vaults |   7836 |   6939 |    897 |    355 |   4754 |   5 | 1567.2 |
        Depths |   4965 |   4318 |    647 |    266 |   3047 |   4 | 1241.2 |
           Zot |   2498 |   2467 |     31 |   1276 |    273 |   5 |  499.6 |
        Bazaar |     82 |     82 |      0 |      0 |     61 |   1 |   82.0 |
      Gauntlet |    307 |    307 |      0 |      4 |    156 |   1 |  307.0 |
               +--------+--------+--------+--------+--------+-----+--------+

Top non-repeatable levels by time:
   Elf:3: 5326 daAuts
   Elf:1: 3115 daAuts
  Lair:6: 2587 daAuts
     D:4: 2319 daAuts
     D:9: 2043 daAuts
   Zot:5: 1919 daAuts
    D:15: 1860 daAuts
     D:5: 1806 daAuts
     D:7: 1745 daAuts
Depths:2: 1711 daAuts
Vaults:2: 1685 daAuts
Vaults:1: 1683 daAuts
Vaults:4: 1591 daAuts
Vaults:5: 1576 daAuts
 Snake:4: 1376 daAuts
